 Dungeon Crawl Stone Soup version 0.16-a0-2150-g7556756 (webtiles) character file.

114345 PolkaDot the Convoker (level 16, -4/165 HPs)
             Began as a Vampire Summoner on Nov 13, 2014.
             Was the Champion of Sif Muna.
             Slain by a harpy (13 damage)
             ... on level 5 of the Shoals on Nov 14, 2014.
             The game lasted 05:55:49 (53779 turns).

PolkaDot the Convoker (Vampire Summoner)           Turns: 53779, Time: 05:55:49

Health: -4/165     AC: 28    Str:  7    XL:     16   Next: 16%
Magic:  22/32      EV:  2    Int: 22    God:    Sif Muna [******]
Gold:   1715       SH:  0    Dex: 14    Spells: 8 memorised, 1 level left

rFire  . . .     SeeInvis +     s - +0 lajatang (elec)
rCold  + . .     Clarity  +     i - melded +4 troll leather armour {Snorg}
rNeg   + + +     SustAb   .     (no shield)
rPois  +         Gourm    .     g - melded +1 helmet
rElec  .         Spirit   .     O - melded +0 cloak of the Lily {rN+ MR++} (curse)
rCorr  .         Warding  .     a - melded +2 pair of gloves "Kaepn" {Int+4 Dex+3}
rMut   .         NoTele   +     N - melded +1 pair of boots
MR     +....                    v - amulet of clarity
Stlth  ++++......               I - ring of Shadows {Umbra +Inv rN+ SInv}
                                W - ring of protection from cold

@: tree-form, regenerating quickly, wreathed by umbra, somewhat resistant to
hostile enchantments, stealthy
A: bottle blood, (fangs 0), see invisible, mutation resistance 1, (unbreathing)
a: Channel Energy, Forget Spell, Renounce Religion, Evoke Invisibility


You were on level 5 of the Shoals.
You worshipped Sif Muna.
Sif Muna was exalted by your worship.
You were very full.
You were a tree.
You visited 5 branches of the dungeon, and saw 33 of its levels.
You also visited: Labyrinth, Ossuary, Ice Cave and Volcano.

You collected 2602 gold pieces.
You spent 887 gold pieces at shops.

Inventory:

Hand weapons
 s - a +0 lajatang of electrocution (weapon)
Missiles
 y - 8 throwing nets (quivered)
Armour
 a - the +2 pair of gloves "Kaepn" (melded) {Int+4 Dex+3}
   (You acquired it on level 2 of the Shoals)

   It affects your intelligence (+4).
   It affects your dexterity (+3).
 g - a +1 helmet (melded)
 i - a +4 troll leather armour (melded) {Snorg}
 N - a +1 pair of boots (melded)
 O - the cursed +0 cloak of the Lily (melded) {rN+ MR++}
   (You bought it in a shop on level 4 of the Orcish Mines)

   It protects you from negative energy.
   It affects your resistance to hostile enchantments.
   It has a curse placed upon it.
Magical staves
 b - an uncursed staff of energy
Jewellery
 v - an amulet of clarity (around neck)
 A - an uncursed amulet of resist corrosion
 I - the ring of Shadows (right branch) {Umbra +Inv rN+ SInv}
   (You found it on level 13 of the Dungeon)

   [ring of invisibility]

   It protects you from negative energy.
   It enhances your eyesight.
   It lets you turn invisible.
 J - an uncursed amulet of stasis
 M - an uncursed ring of protection from fire
 T - an uncursed ring of poison resistance
 W - a ring of protection from cold (left branch)
 Y - an uncursed ring of teleport control
Magical devices
 k - a wand of fire (7)
 z - a wand of teleportation (0)
 B - a wand of digging (12)
 D - a wand of random effects (18)
 V - a wand of hasting (6)
 Z - a wand of flame (20)
Scrolls
 e - 3 scrolls of immolation
 j - 2 scrolls of summoning {unknown}
 o - 9 scrolls of remove curse
 t - 9 scrolls of teleportation
 E - a scroll of magic mapping
 K - 9 scrolls of recharging
 R - a scroll of identify
 X - 4 scrolls of amnesia
Potions
 c - a potion of cancellation
 d - 7 potions of curing
 f - 3 potions of restore abilities
 h - 2 potions of mutation {!q}
 l - a potion of resistance
 p - 2 potions of cure mutation {!q}
 q - 22 potions of blood {@*1}
 x - 2 potions of agility
 C - 2 potions of might
 F - a potion of haste
 G - 4 potions of flight
 H - 3 potions of magic
 L - a potion of berserk rage {unknown}
 S - 3 potions of brilliance
Books
 n - a book of Enchantments

   Spells                             Type                      Level
   Tukima's Dance                     Hexes                        3
   Cause Fear                         Hexes                        4
   Silence                            Hexes/Air                    5
   *Deflect Missiles                  Charms/Air                   6
   Haste                              Charms                       6
   Discord                            Hexes                        8
 r - a book of the Dragon

   Spells                             Type                      Level
   *Flight                            Charms/Air                   3
   Cause Fear                         Hexes                        4
   Bolt of Fire                       Conjuration/Fire             6
   Dragon Form                        Transmutation                7
   Dragon's Call                      Summoning                    9
 u - Sif Muna's Tome of Aerial Illusion
   (Sif Muna gifted it to you on level 4 of the Shoals)

   Spells                             Type                      Level
   Summon Small Mammal                Summoning                    1
   Call Canine Familiar               Summoning                    3
   Summon Lightning Spire             Summoning/Air                4
   Lightning Bolt                     Conjuration/Air              5
   Haunt                              Necromancy/Summoning         7
 w - a Grand Grimoire {highlevel}

   Spells                             Type                      Level
   Aura of Abjuration                 Summoning                    6
   Forceful Dismissal                 Summoning                    6
   Summon Greater Demon               Summoning                    7
   Malign Gateway                     Summoning/Translocation      7
   Summon Horrible Things             Summoning                    8
 P - a book of Burglary

   Spells                             Type                      Level
   Swiftness                          Charms/Air                   2
   Passwall                           Transmutation/Earth          3
   Passage of Golubria                Translocation                4
   Lee's Rapid Deconstruction         Earth                        5
   Invisibility                       Hexes                        6
   Darkness                           Hexes                        7
 U - a Necronomicon {highlevel}

   This book is beyond your current level of understanding.

   Spells                             Type                      Level
   Haunt                              Necromancy/Summoning         7
   Borgnjor's Revivification          Necromancy                   8
   Death's Door                       Charms/Necromancy            8
   Necromutation                      Transmutation/Necromancy     8


   Skills:
 - Level 5.6 Fighting
   Level 7.0(8.2) Polearms
 + Level 5.7(7.1) Staves
 - Level 3.2 Dodging
 - Level 3.0 Stealth
 - Level 8.5 Spellcasting
 - Level 8.8 Hexes
 - Level 10.1 Charms
 * Level 16.2 Summonings
 - Level 1.8 Translocations
   Level 5.0 Ice Magic
 - Level 7.3 Air Magic
 - Level 8.4 Invocations
 - Level 10.0 Evocations


You had one spell level left.
You knew the following spells:

 Your Spells              Type           Power        Failure   Level  Hunger
b - Summon Butterflies    Summ           ######..     0%          1    None
h - Summon Hydra          Summ           ######....   10%         7    #######
m - Monstrous Menagerie   Summ           ######....   1%          6    ######.
q - Blink                 Tloc           N/A          8%          2    None
v - Summon Mana Viper     Hex/Summ       ######..     1%          5    #####..
A - Apportation           Tloc           ###.......   4%          1    None
D - Deflect Missiles      Chrm/Air       #####.....   34%         6    ######.
F - Flight                Chrm/Air       #####.....   1%          3    None


Dungeon Overview and Level Annotations

Branches:
Dungeon (15/15)            Temple (1/1) D:7            Lair (8/8) D:11
 Shoals (5/5) Lair:6       Spider (0/5) Lair:3        Slime (0/6) Lair:7
    Orc (4/4) D:10            Elf (0/3) Orc:3        Vaults (0/5) D:13
 Depths (0/5) D:15

Altars:
Ashenzari
Cheibriados
Dithmenos
Elyvilon
Fedhas
Gozag
Kikubaaqudgha
Makhleb
Nemelex Xobeh
Okawaru
Qazlal
Ru
Sif Muna
Trog
Vehumet
Xom
Yredelemnul
Zin
The Shining One
Beogh
Jiyva

Shops:
D:7 *   D:15 }(   Orc:4 (*?[(

Portals:
Hell: Lair:8
Bazaar: Shoals:5

Annotations:
Shoals:5 ztt's ghost, mighty MiFi


Innate Abilities, Weirdness & Mutations

Your natural rate of healing is unusually fast.
You can bottle blood from corpses.
((You have razor-sharp teeth.))
You have supernaturally acute eyesight.
((You can survive without breathing.))
You are somewhat resistant to further mutation.


Message History

Your +4 troll leather armour {Snorg} melds into your body.
Your roots penetrate the ground.
The harpy claws you but does no damage. The harpy claws you!
* * * LOW HITPOINT WARNING * * *
The harpy claws you but does no damage. x4
The harpy claws you!
* * * LOW HITPOINT WARNING * * *
The harpy claws you!
* * * LOW HITPOINT WARNING * * *
The siren hits you but does no damage.
The satyr shoots an arrow.
The arrow hits you.
* * * LOW HITPOINT WARNING * * *
Unknown command.
Unknown command.
Drink which item? (? for menu, Esc to quit)
Okay, then.
You slash the harpy!
There is a sudden explosion of sparks!
The harpy is heavily wounded.
The harpy claws you!
You die...

,,,,**#####........?......≈≈≈≈≈≈≈
,,,,,,...................≈≈≈≈≈≈≈≈
,,,,,,..................≈≈≈≈≈≈≈≈≈
,,,,,,..................≈≈≈≈≈≈≈≈≈
,,,,,,................≈≈≈≈≈≈≈≈≈≈≈
,,,,,,.....$..........≈≈≈≈≈≈*****
,,,,,,..........(....≈≈≈≈≈≈**≈≈≈≈
,,,,,,,.?....H..H(...≈≈≈≈≈**≈,,,,
,,,,,**####.....♣H...≈≈≈≈≈*≈,,≈≈,
,,,,*,,,,≈##.....§§§.≈≈≈≈≈*,,*≈*≈
,,,*,*,,,,≈##..$m§§...≈≈≈.*,,≈≈**
,,*,*,,≈*,,≈#...cc§..W...≈*,*,≈≈≈
,,*,,,≈*≈≈,≈#.......c....,*,,,,≈*
,,*,,≈**≈≈,≈#.......$....,,*,,*,,
,,*,,*≈≈≈,,≈#...........,,,,*,,,,
≈≈*≈,,≈≈,,*≈#..........≈,,,,,****
≈≈**≈,,,,*≈**≈≈....≈≈≈≈≈≈≈≈≈,,,,,


You could see a satyr (inner flame), 2 fauns, a siren (roused), 3 harpies and
ztt's ghost.

Vanquished Creatures
  A yaktaur captain (D:15)
  2 hydras
  A merfolk avatar (Shoals:1)
  2 centaur warriors (D:15)
  Urug (D:15)
  An unseen horror (D:12)
  2 sea snakes (Shoals:3)
  3 harpies (Shoals:4)
  2 lindwurms
  A hill giant (D:12)
  A wolf spider zombie (D:14)
  A wizard (Lair:8)
  An ugly thing (D:12)
  An elephant (Lair:8)
  A water nymph (Shoals:2)
  3 sirens
  5 griffons
  A black mamba (Lair:8)
  5 manticores
  A drowned soul (Shoals:2)
  Psyche (D:12)
  2 spiny frogs
  A yaktaur (D:15)
  3 fire drakes
  4 trolls
  11 merfolk
  2 wind drakes
  A polar bear (Lair:4)
  A harpy skeleton (D:15)
  A wind drake (shapeshifter) (D:14)
  3 snapping turtles
  4 two-headed ogres
  A catoblepas skeleton (D:13)
  3 blink frogs
  12 yaks
  2 fire elementals (D:15)
  A hog (Volcano)
  A wyvern (Lair:4)
  A water elemental (Shoals:4)
  A steam dragon (D:8)
  Grum (Orc:1)
  4 hungry ghosts
  2 humans (D:13)
  4 water moccasins
  6 hippogriffs
  A wolf (Lair:5)
  A black bear (D:10)
  12 ogres
  6 porcupines
  A boggart (D:14)
  An eye of draining (D:12)
  4 centaurs
  4 sky beasts
  9 orc warriors
  2 boring beetles
  2 ice beasts
  10 crocodiles
  Blork the orc (D:4)
  11 giant frogs
  A water moccasin zombie (Ossuary)
  A scorpion (D:9)
  A wight (D:7)
  A crimson imp (D:15)
  17 orc priests
  A jelly (D:9)
  A centaur skeleton (D:6)
  A giant frog skeleton (D:13)
  7 hounds
  7 iguanas
  19 orc wizards
  5 worker ants
  Natasha (D:5)
  2 big kobold zombies
  6 sheep
  A hound skeleton (D:11)
  17 adders
  13 green rats
  2 giant mites
  A shadow imp (D:5)
  2 worms
  3 adder zombies (Ossuary)
  An adder skeleton (D:5)
  4 oozes
  119 orcs
  12 bats
  A bat zombie (D:5)
  8 giant cockroaches
  3 gnoll zombies (Ossuary)
  28 goblins
  14 hobgoblins
  3 jackals (D:1)
  12 quokkas
  5 giant newts
  5 hobgoblin zombies (Ossuary)
  A jackal skeleton (D:4)
  14 kobolds
  4 kobold zombies (Ossuary)
  3 orc skeletons
  7 orc zombies (Ossuary)
  14 rats
  9 ballistomycetes
551 creatures vanquished.

Vanquished Creatures (collateral kills)
  Norris (D:13)
  A kraken (Shoals:4)
  Agnes (Shoals:5)
  Kirke (D:15)
  Donald (D:13)
  Aizul (Shoals:1)
  A frost giant (Shoals:4)
  Azrael (D:15)
  A merfolk javelineer (Shoals:3)
  Snorg (Orc:1)
  A merfolk impaler (Shoals:5)
  A minotaur (Lab)
  A crystal guardian (D:13)
  The ghost of PolkaDot the Martial Artist, a powerful DrBe of Trog (Lair:1)
  An ice dragon (D:15)
  Fannar (D:15)
  15 hydras
  An alligator snapping turtle (Shoals:3)
  2 centaur warriors
  2 merfolk avatars
  The ghost of zkyp the Nimble, a powerful HuWn of Okawaru (Lair:1)
  3 satyrs (Shoals:4)
  9 death yaks
  2 ogre magi
  3 orc high priests (Orc:4)
  A catoblepas (D:13)
  3 tengu warriors
  Nergalle (Lair:3)
  An ice devil (Orc:4)
  9 hill giants
  3 ice statues (IceCv)
  A harpy (shapeshifter) (D:13)
  9 sea snakes
  A lindwurm (Lair:5)
  12 fauns
  6 griffons
  4 orc sorcerers
  12 cyclopes
  14 harpies
  6 orc knights
  2 water nymphs
  3 ugly things
  A faun (shapeshifter) (D:13)
  2 sixfirhies
  A guardian serpent (D:15)
  15 elephants
  9 manticores
  8 black mambas
  A smoke demon (Lair:8)
  Joseph (D:7)
  A drowned soul (Shoals:2)
  4 spiny frogs
  4 sirens
  5 orange demons (Lair:8)
  4 gargoyles
  12 komodo dragons
  A queen ant (Lair:3)
  A redback zombie (D:14)
  A hellwing (Lair:8)
  2 fire drakes
  3 blue devils (Lair:8)
  19 merfolk
  2 red devils (Lair:8)
  A komodo dragon (shapeshifter) (D:15)
  A tengu conjurer (D:15)
  A freezing wraith (D:13)
  A queen bee (Lair:2)
  2 wolf spider simulacra
  7 two-headed ogres
  A yaktaur (Shoals:1)
  5 snapping turtles
  27 blink frogs
  Grinder (D:5)
  5 harpy skeletons
  2 ravens
  A hydra skeleton (D:9)
  4 slime creatures
  3 trolls
  A red wasp zombie (D:14)
  A trapdoor spider zombie (D:13)
  A wind drake (Shoals:2)
  A wyvern (D:10)
  A vampire (D:14)
  A deep elf mage (D:10)
  6 basilisks
  4 hogs
  A redback simulacrum (D:15)
  46 yaks
  2 wraiths
  Eustachio (D:6)
  6 water elementals
  11 wolves
  A spriggan (Lair:8)
  13 humans (D:13)
  2 deep elf fighters
  3 fire elementals (D:15)
  2 hungry ghosts
  18 hippogriffs
  15 water moccasins
  3 wargs
  3 hell hounds (D:15)
  22 soldier ants
  3 porcupines
  2 black bears
  8 spiders (Lair:3)
  An eye of draining (D:12)
  A phantom (D:8)
  29 orc warriors
  11 ice beasts
  9 centaurs
  3 sky beasts
  4 boggarts (D:14)
  A boring beetle (Lair:6)
  6 crocodiles
  Sigmund (D:4)
  6 ogres
  3 giant frogs
  A wyvern skeleton (D:12)
  A water moccasin zombie (Ossuary)
  A hippogriff zombie (D:8)
  39 killer bees
  11 wights
  2 yak skeletons (Orc:4)
  6 crimson imps
  An electric eel (D:14)
  4 jellies
  A goliath beetle (D:11)
  13 orc priests
  13 orc wizards
  A giant frog skeleton (D:11)
  9 hounds
  4 iguanas
  24 worker ants
  3 killer bee zombies (D:11)
  10 sheep
  4 mummies
  27 green rats
  Natasha (twice) (D:5)
  19 adders
  3 orc zombies (Orc:4)
  3 shadow imps
  A worm (D:2)
  3 giant geckos
  An ooze (D:1)
  84 orcs
  4 hobgoblins
  3 jackals (D:9)
  3 quokkas
  A ball python (D:4)
  2 bats
  A giant cockroach (D:8)
  A giant gecko skeleton (D:6)
  A giant spore (D:15)
  2 goblins (Orc:4)
  A hobgoblin zombie (Ossuary)
  A kobold (D:1)
  A kobold skeleton (D:5)
  A rat (D:2)
  10 rat skeletons (Orc:4)
  A butterfly (D:13)
  A fungus (Lair:8)
  2 plants (Shoals:4)
  3 tentacles (Shoals:4)
884 creatures vanquished.

Vanquished Creatures (others)
  5 hydras
  13 lindwurms
  20 harpies
  A wizard (D:5)
  14 manticores
  52 mana vipers
  22 drowned souls
  A basilisk (D:15)
  3 humans (D:15)
  A deep elf fighter (D:15)
  18 wolves
  2 wargs
  47 ice beasts
  5 crimson imps
  2 iron imps
  11 hounds
  A shadow imp (D:9)
  4 white imps
  An orc (D:10)
  4 quokkas
  2 bats
  5 giant spores
  A rat skeleton (Orc:4)
  A bush (Lair:4)
  12 butterflies
  5 fungi
  24 plants
  10 tentacles (Shoals:4)
  672 tentacle segments (Shoals:4)
959 creatures vanquished.

Grand Total: 2394 creatures vanquished

Notes
Turn   | Place    | Note
--------------------------------------------------------------
     0 | D:1      | PolkaDot, the Vampire Summoner, began the quest for the Orb.
     0 | D:1      | Reached XP level 1. HP: 13/13 MP: 3/3
   581 | D:1      | Reached XP level 2. HP: 18/20 MP: 4/4
   788 | D:1      | Found a sparkling altar of Nemelex Xobeh.
  1143 | D:1      | Learned a level 2 spell: Call Imp
  1193 | D:2      | Reached skill level 1 in Fighting
  1297 | D:2      | Reached XP level 3. HP: 24/26 MP: 1/6
  1745 | D:2      | Reached skill level 5 in Summonings
  1862 | D:2      | Reached XP level 4. HP: 12/33 MP: 2/7
  2136 | D:2      | Learned a level 3 spell: Call Canine Familiar
  2635 | D:3      | Found a shimmering altar of Xom.
  2635 | D:3      | Found a shadowy altar of Dithmenos.
  2852 | D:3      | Noticed an ogre
  2861 | D:3      | Killed an ogre
  2861 | D:3      | Reached XP level 5. HP: 37/39 MP: 0/9
  3719 | D:4      | Noticed Blork the orc
  3749 | D:4      | Killed Blork the orc
  3749 | D:4      | Reached skill level 6 in Summonings
  3947 | D:4      | Noticed Sigmund
  3969 | D:4      | Killed Sigmund
  3969 | D:4      | Reached XP level 6. HP: 14/47 MP: 2/10
  4810 | D:4      | Reached skill level 7 in Summonings
  5263 | D:5      | Entered Level 5 of the Dungeon
  5295 | D:5      | Noticed Grinder
  5308 | D:5      | Paralysed by Grinder for 2 turns
  5319 | D:5      | Paralysed by Grinder for 3 turns
  5325 | D:5      | Killed Grinder
  5325 | D:5      | Reached XP level 7. HP: 52/52 MP: 1/12
  5379 | D:5      | Noticed Natasha
  5387 | D:5      | Killed Natasha
  5476 | D:5      | Noticed Natasha
  5487 | D:5      | Killed Natasha
  5565 | D:5      | Noticed Natasha
  5569 | D:5      | Killed Natasha
  5630 | D:5      | Found a bloodstained altar of Trog.
  5630 | D:5      | Noticed a wizard
  5637 | D:5      | Killed a wizard
  5734 | D:5      | Learned a level 4 spell: Summon Ice Beast
  6195 | D:6      | Found a deep blue altar of Sif Muna.
  6377 | D:6      | Found a radiant altar of Vehumet.
  6383 | D:6      | Reached skill level 8 in Summonings
  6981 | D:6      | Noticed Eustachio
  7001 | D:6      | Killed Eustachio
  7006 | D:6      | Learned a level 1 spell: Summon Butterflies
  7156 | D:6      | Reached XP level 8. HP: 61/61 MP: 14/14
  7256 | D:7      | Found a staircase to the Ecumenical Temple.
  7272 | Temple   | Entered the Ecumenical Temple
  7440 | D:7      | Reached skill level 9 in Summonings
  7512 | D:7      | Noticed Joseph
  7544 | D:7      | Found an opulent altar of Gozag.
  7555 | D:7      | Found Gozag's Platinum Reserve.
  8089 | D:6      | Found a bloodstained altar of Trog.
  8089 | D:6      | Found a stormy altar of Qazlal.
  8089 | D:6      | Found a sparkling altar of Nemelex Xobeh.
  8093 | D:6      | Became a worshipper of Sif Muna the Loreminder
  8156 | D:7      | Got an encrusted leather armour
  8167 | D:7      | Identified the +4 leather armour "Cygioj" {+Blink +Rage +Inv rC+ SInv} (You found it on level 7 of the Dungeon)
  8200 | D:7      | Killed Joseph
  8200 | D:7      | Reached skill level 1 in Ice Magic
  8200 | D:7      | Reached skill level 1 in Evocations
  8271 | D:7      | Gained mutation: You are somewhat resistant to further mutation. [potion of beneficial mutation]
  8306 | D:8      | Found a sand-covered staircase.
  8450 | Ossuary  | Entered an ossuary
  9165 | D:8      | Reached XP level 9. HP: 38/67 MP: 7/18
  9654 | D:8      | Acquired Sif Muna's first power
  9720 | D:8      | Noticed a two-headed ogre
  9727 | D:8      | Killed a two-headed ogre
  9823 | D:8      | Reached skill level 5 in Ice Magic
 10474 | D:9      | Learned a level 5 spell: Summon Mana Viper
 10580 | D:9      | Reached skill level 1 in Hexes
 10628 | D:9      | Reached skill level 10 in Summonings
 10745 | D:9      | Acquired Sif Muna's second power
 11196 | D:9      | Reached skill level 5 in Hexes
 11529 | D:10     | Entered Level 10 of the Dungeon
 11537 | D:10     | Reached skill level 5 in Evocations
 11539 | D:10     | Reached XP level 10. HP: 68/73 MP: 4/20
 11544 | D:10     | Reached skill level 1 in Invocations
 11851 | D:10     | Found a staircase to the Orcish Mines.
 12098 | D:10     | Noticed a five-headed hydra
 12106 | D:10     | Killed a five-headed hydra
 12552 | D:10     | Noticed a hill giant
 12602 | D:10     | Killed a hill giant
 12654 | D:11     | Found a basalt altar of Yredelemnul.
 12720 | D:11     | Found a staircase to the Lair.
 12810 | D:11     | Noticed a brown ugly thing
 12821 | D:11     | Killed a brown ugly thing
 12867 | D:11     | Reached skill level 5 in Invocations
 12868 | D:11     | Reached skill level 11 in Summonings
 13168 | D:11     | Noticed a hill giant
 13174 | D:11     | Killed a hill giant
 13222 | D:11     | Noticed a six-headed hydra
 13226 | D:11     | Killed a six-headed hydra
 13454 | D:11     | Reached XP level 11. HP: 60/78 MP: 1/21
 14810 | D:12     | Noticed Psyche
 14830 | D:12     | HP: 1/78 [Psyche/wand of lightning (9)]
 14832 | D:12     | Noticed an unseen horror
 15409 | Lair:1   | Entered Level 1 of the Lair of Beasts
 15651 | Lair:1   | Noticed an eight-headed hydra
 15660 | Lair:1   | Killed an eight-headed hydra
 15834 | Lair:1   | Noticed PolkaDot's ghost (powerful DrBe)
 15915 | Lair:1   | Killed PolkaDot's ghost
 16072 | Lair:1   | Reached skill level 12 in Summonings
 16282 | Lair:1   | Acquired Sif Muna's third power
 16390 | Lair:1   | Noticed zkyp's ghost (powerful HuWn)
 16409 | Lair:1   | Killed zkyp's ghost
 17263 | Lair:1   | Learned a level 1 spell: Apportation
 17381 | Lair:2   | Noticed a seven-headed hydra
 17389 | Lair:2   | Killed a seven-headed hydra
 17413 | Lair:2   | Noticed a seven-headed hydra
 17422 | Lair:2   | Killed a seven-headed hydra
 17719 | Lair:2   | Noticed a five-headed hydra
 17723 | Lair:2   | Killed a five-headed hydra
 18595 | Lair:2   | Reached skill level 5 in Spellcasting
 19258 | Lair:3   | Found a hole to the Spider Nest.
 19736 | Lair:3   | Noticed a death yak
 19751 | Lair:3   | Noticed a death yak
 19752 | Lair:3   | Noticed a death yak
 19754 | Lair:3   | Noticed a death yak
 19754 | Lair:3   | Noticed a death yak
 19755 | Lair:3   | Noticed a death yak
 19757 | Lair:3   | Killed a death yak
 19796 | Lair:3   | Killed a death yak
 20012 | Lair:3   | Reached XP level 12. HP: 34/85 MP: 18/24
 20310 | Lair:3   | Noticed Nergalle
 20387 | Lair:3   | Killed Nergalle
 21568 | Lair:3   | Killed a death yak
 21573 | Lair:3   | Killed a death yak
 21576 | Lair:3   | Killed a death yak
 21582 | Lair:3   | Killed a death yak
 21587 | Lair:3   | Reached skill level 10 in Evocations
 21762 | Lair:3   | Reached skill level 13 in Summonings
 21777 | Lair:3   | Learned a level 6 spell: Monstrous Menagerie
 22458 | Lair:4   | Noticed a four-headed hydra
 22463 | Lair:4   | Killed a four-headed hydra
 24165 | Lair:5   | Reached skill level 5 in Fighting
 24593 | Lair:5   | Noticed a four-headed hydra
 24604 | Lair:5   | Killed a four-headed hydra
 24963 | Lair:5   | Noticed a four-headed hydra
 24971 | Lair:5   | Killed a four-headed hydra
 25432 | Lair:5   | Noticed an eight-headed hydra
 25439 | Lair:5   | Killed an eight-headed hydra
 25801 | Lair:6   | Found a labyrinth entrance.
 25858 | Lab      | Entered a labyrinth
 26203 | Lab      | Noticed a minotaur
 26221 | Lab      | Killed a minotaur
 26235 | Lab      | Got a polished trident
 26236 | Lab      | Identified the cursed +2 trident of Elug {venom, +Fly MR+} (You found it in a labyrinth)
 26450 | Lair:6   | Noticed a six-headed hydra
 26456 | Lair:6   | Killed a six-headed hydra
 26476 | Lair:6   | Reached XP level 13. HP: 51/92 MP: 27/27
 26602 | Lair:6   | Reached skill level 14 in Summonings
 27475 | Lair:6   | Found a staircase to the Shoals.
 27492 | Lair:6   | Identified a +0 rod of the swarm (10/10) (You found it on level 6 of the Lair of Beasts)
 29598 | Lair:7   | Reached skill level 1 in Polearms
 29967 | Lair:7   | Received a gift from Sif Muna
 30465 | Lair:7   | Found a viscous altar of Jiyva.
 30465 | Lair:7   | Found a staircase to the Slime Pits.
 30465 | Lair:7   | Noticed an azure jelly
 30465 | Lair:7   | Noticed an azure jelly
 31253 | Lair:8   | Entered Level 8 of the Lair of Beasts
 32999 | Lair:8   | Reached skill level 15 in Summonings
 33163 | Lair:8   | Found a burning altar of Makhleb.
 33208 | Lair:8   | Found a gateway to Hell.
 33530 | Lair:4   | Upgraded the game from 0.16-a0-2093-g8c923f7 to 0.16-a0-2145-g6af420d
 33734 | D:12     | Noticed a hill giant
 33742 | D:12     | Killed a hill giant
 33753 | D:12     | Killed an unseen horror
 34250 | D:12     | Killed Psyche
 34292 | D:12     | Reached XP level 14. HP: 60/98 MP: 28/28
 34809 | D:12     | Reached skill level 5 in Polearms
 35043 | D:12     | Learned a level 6 spell: Deflect Missiles
 35088 | D:13     | Found a gate to the Vaults.
 35088 | D:13     | Noticed Norris
 35088 | D:13     | Noticed Donald
 35174 | D:13     | Killed Norris
 35174 | D:13     | Reached skill level 1 in Air Magic
 35226 | D:13     | Killed Donald
 35234 | D:13     | Received a gift from Sif Muna
 36051 | D:13     | Reached skill level 5 in Charms
 36513 | D:14     | Found a roughly hewn altar of Beogh.
 38901 | D:15     | Entered Level 15 of the Dungeon
 39158 | D:15     | Found a frozen archway.
 39165 | IceCv    | Entered an ice cave
 40122 | D:15     | Noticed Kirke
 40138 | D:15     | Killed Kirke
 40442 | D:15     | Found Yreof's Gadget Boutique.
 40450 | D:15     | Noticed Urug
 40465 | D:15     | Reached skill level 5 in Air Magic
 40476 | D:15     | Killed Urug
 40476 | D:15     | Received a gift from Sif Muna
 40477 | D:15     | Identified Sif Muna's Handbook of Creation (Sif Muna gifted it to you on level 15 of the Dungeon)
 40974 | D:15     | Noticed Fannar
 41000 | D:15     | Killed Fannar
 41306 | D:15     | Found Coanueck's Weapon Emporium.
 41660 | D:15     | Found a sacrificial altar of Ru.
 41844 | D:15     | Noticed Azrael
 41850 | D:15     | HP: 2/98 [harpy skeleton (9)]
 41863 | D:15     | Killed Azrael
 42922 | D:15     | Reached XP level 15. HP: 96/104 MP: 28/28
 43069 | D:15     | Found a staircase to the Depths.
 43091 | D:15     | Upgraded the game from 0.16-a0-2145-g6af420d to 0.16-a0-2150-g7556756
 43750 | D:15     | Got a fine platinum ring
 43752 | D:15     | Identified the ring "Ymopipytin" {Fire Str-4 Dex+5} (You found it on level 15 of the Dungeon)
 44068 | Orc:1    | Entered Level 1 of the Orcish Mines
 44155 | Orc:1    | Noticed Snorg
 44164 | Orc:1    | Killed Snorg
 44313 | Lair:1   | Learned a level 2 spell: Blink
 44899 | Orc:1    | Noticed Grum
 44922 | Orc:1    | Killed Grum
 45538 | Orc:1    | Found a bloodstained altar of Trog.
 45996 | Orc:3    | Found a roughly hewn altar of Beogh.
 46231 | Orc:3    | Reached skill level 10 in Charms
 46443 | Orc:3    | Found a staircase to the Elven Halls.
 46980 | Orc:4    | Entered Level 4 of the Orcish Mines
 47053 | Orc:4    | Found a dark tunnel.
 47082 | Volcano  | Entered a volcano
 47096 | Volcano  | Learned a level 3 spell: Flight
 48043 | Orc:4    | Found Mialeke's Antique Weapon Emporium.
 48105 | Orc:4    | Reached skill level 1 in Staves
 48602 | Orc:4    | Reached skill level 1 in Translocations
 48688 | Orc:4    | Found Peloomeell's General Store.
 48690 | Orc:4    | Found Phanalapp's Armour Shop.
 48690 | Orc:4    | Found Qodwuist's Weapon Emporium.
 48691 | Orc:4    | Found Studuib's Magic Scroll Emporium.
 48741 | Orc:4    | Bought the cursed +0 cloak of the Lily {rN+ MR++} for 295 gold pieces
 48755 | Orc:4    | Bought a +0 lajatang of electrocution for 592 gold pieces
 49107 | Shoals:1 | Entered Level 1 of the Shoals
 49286 | Shoals:1 | Noticed Aizul
 49299 | Shoals:1 | Killed Aizul
 50356 | Shoals:2 | Identified a scroll of acquirement
 50357 | Shoals:2 | Got a pair of ichor-stained gloves
 50368 | Shoals:2 | Identified the +2 pair of gloves "Kaepn" {Int+4 Dex+3} (You acquired it on level 2 of the Shoals)
 52085 | Shoals:4 | Learned a level 7 spell: Summon Hydra
 52129 | Shoals:4 | Received a gift from Sif Muna
 52130 | Shoals:4 | Identified Sif Muna's Tome of Aerial Illusion (Sif Muna gifted it to you on level 4 of the Shoals)
 52648 | Shoals:4 | Noticed a kraken
 52660 | Shoals:4 | Reached skill level 5 in Staves
 52792 | Shoals:4 | Killed a kraken
 52844 | Shoals:4 | Reached XP level 16. HP: 86/110 MP: 3/32
 53094 | Shoals:4 | Reached skill level 16 in Summonings
 53670 | Shoals:5 | Entered Level 5 of the Shoals
 53670 | Shoals:5 | Noticed Agnes
 53679 | Shoals:5 | Killed Agnes
 53762 | Shoals:5 | Found a flickering gateway to a bazaar.
 53777 | Shoals:5 | Noticed ztt's ghost (mighty MiFi)
 53779 | Shoals:5 | Slain by a harpy

Action                   |  1- 3 |  4- 6 |  7- 9 | 10-12 | 13-15 | 16-18 || total
-------------------------+-------+-------+-------+-------+-------+-------++-------
Melee: Unarmed           |    21 |       |       |       |       |       ||    21
       Short sword       |    77 |    60 |       |       |       |       ||   137
       Trident           |       |   206 |   604 |   640 |  1428 |       ||  2878
       Lajatang          |       |       |       |       |   396 |    25 ||   421
 Cast: Summon Small Mamm |    29 |     9 |       |     4 |       |       ||    42
       Call Imp          |       |    20 |    27 |    14 |       |       ||    61
       Call Canine Famil |       |     8 |    39 |    29 |     5 |       ||    81
       Summon Ice Beast  |       |       |    43 |   129 |    70 |       ||   242
       Summon Mana Viper |       |       |     1 |   175 |   186 |     4 ||   366
       Summon Butterflie |       |       |       |     1 |     4 |       ||     5
       Monstrous Menager |       |       |       |     3 |   210 |    16 ||   229
       Summon Hydra      |       |       |       |       |    18 |    17 ||    35
       Flight            |       |       |       |       |    10 |     3 ||    13
       Blink             |       |       |       |       |     7 |     1 ||     8
       Deflect Missiles  |       |       |       |       |     5 |       ||     5
Invok: Channel Energy    |       |       |    12 |   432 |   413 |    37 ||   894
       Forget Spell      |       |       |       |     1 |       |       ||     1
 Abil: No ability        |       |     6 |    16 |    11 |    11 |       ||    44
       Evoke Invisibilit |       |       |     1 |     3 |     9 |       ||    13
       Evoke Blink       |       |       |     1 |     2 |     4 |       ||     7
       Turn Visible      |       |       |       |       |     2 |       ||     2
       Evoke Flight      |       |       |       |       |     1 |       ||     1
Evoke: Wand              |       |       |       |     4 |     2 |       ||     6
  Use: Potion            |     1 |     6 |    24 |    15 |   148 |    32 ||   226
       Scroll            |       |     7 |     7 |    21 |    23 |     2 ||    60
 Stab: Sleeping          |     6 |    12 |    25 |    10 |    28 |       ||    81
       Distracted        |       |     1 |     8 |     6 |    18 |       ||    33
       Confused          |       |       |     1 |       |       |       ||     1
       Invisible         |       |       |       |     1 |     9 |       ||    10
       Paralysed         |       |       |       |       |     1 |       ||     1
  Eat: Corpse            |    11 |    16 |    29 |    89 |   132 |       ||   277
